 Dungeon Crawl Stone Soup version 0.18.1-48-g4cf74bf (webtiles) character file.

176 MistressOfTheDunes the Insei (level 5, -2/41 HPs)
             Began as a Mummy Monk on July 20, 2016.
             Slain by an adder (5 damage)
             ... on level 2 of the Dungeon.
             The game lasted 00:03:21 (4445 turns).

MistressOfTheDunes the Insei (Mummy Monk)           Turns: 4445, Time: 00:03:21

Health: -2/41      AC:  0    Str: 15    XL:     5   Next: 30%
Magic:  5/5        EV: 13    Int:  9    God:
Gold:   79         SH:  0    Dex: 15    Spells: 0 memorised, 4 levels left

rFire  x . .     SeeInvis .       - Unarmed
rCold  + . .     Gourm    .     (no armour)
rNeg   + + +     Faith    .     (no shield)
rPois  ∞         Spirit   .     (no helmet)
rElec  .         Dismiss  .     (no cloak)
rCorr  .         Reflect  .     (no gloves)
SustAt .         Harm     .     (no boots)
MR     .....                    (no amulet)
Stlth  ++........               (no ring)
                                (no ring)

@: not resistant to hostile enchantments, unstealthy
A: no food or potions, fire vulnerability, cold resistance 1, negative energy
resistance 3, torment resistance, unbreathing
a: no special abilities


You were on level 2 of the Dungeon.
You were not hungry.

You visited 1 branch of the dungeon, and saw 3 of its levels.

You collected 79 gold pieces.


Innate Abilities, Weirdness & Mutations

You do not eat or drink.
Your flesh is vulnerable to fire.
You are immune to poison.
Your flesh is cold resistant.
You are immune to negative energy.
You are immune to unholy pain and torment.
You can survive without breathing.


   Skills:
 - Level 3.0 Fighting
 + Level 3.3 Dodging
 - Level 1.5 Stealth
 - Level 5.0 Unarmed Combat


You had 4 spell levels left.
You didn't know any spells.

Inventory:

Missiles
 a - 25 bolts
Armour
 g - a +0 buckler
Scrolls
 b - 3 scrolls of fear
 c - a scroll of remove curse {unknown}
 d - a scroll of noise {!r}
 e - 3 scrolls of enchant armour
 f - a scroll of amnesia
 h - a scroll of teleportation {@r4}
 i - a scroll of identify {@r1}

Dungeon Overview and Level Annotations

Branches:
Dungeon (3/15)

Altars:
Fedhas
Gozag
Pakellas
Vehumet
Xom
The Shining One

Annotations:
D:3 TBriggs11TB's ghost, amateur GrEE

▒...▒ ▒.▒ ▒.▒ ▒.▒ ▒.▒▒.▒
▒...▒▒▒▒▒▒.▒▒▒▒.▒▒▒▒ ▒.▒
▒.▒▒.▒ ▒...▒▒.............▒
▒.▒ ▒.▒▒.▒
▒▒.▒▒▒.▒▒▒.▒▒▒...▒.▒▒▒>▒
▒.▒▒.▒ ▒.▒ ▒.▒ ▒.▒▒........▒.▒
▒.▒▒.▒
▒.▒▒▒.▒▒▒.▒▒▒...▒.▒.▒.▒▒▒.▒▒.▒
▒.........▒ ▒..>..........▒..▒
▒▒▒▒▒▒▒▒▒▒▒ ▒S▒▒▒▒▒.▒▒▒▒▒.▒.▒▒
▒M▒▒▒▒▒.▒ ▒.▒.▒ ▒.......▒
▒.▒.▒ ▒▒▒▒▒▒▒▒▒ ▒...▒ ▒▒▒▒▒


You could see an adder.


Message History

You closely miss the adder! The adder bites you! * * * don't die
* * * The adder misses you!
You miss the adder! The adder barely misses you!
You barely miss the adder! The adder misses you!
You closely miss the adder! The adder closely misses you!
You closely miss the adder! The adder closely misses you!
You miss the adder! The adder bites you! * * * don't die
* * * The adder bites you! * * * don't die
* * * You miss the adder!
The adder barely misses you!
You closely miss the adder! The adder bites you! * * * don't die
* * * You pummel the adder but do no damage!
The adder bites you! * * * don't die
* * * You pummel the adder like a punching bag!
The adder is lightly wounded!
The adder bites you! * * * don't die
* * * You miss the adder!
The adder is lightly wounded!
The adder barely misses you!
You squash the adder like an ant!
The adder is moderately wounded!
The adder barely misses you! x2
You barely miss the adder!
The adder is moderately wounded!
The adder bites you! rip

Action                   |  1- 3 |  4- 6 || total
-------------------------+-------+-------++-------
Melee: Unarmed           |   114 |   149 ||   263
       Punch             |     3 |       ||     3
  Use: Scroll            |       |     5 ||     5
 Stab: Sleeping          |     2 |     4 ||     6
Dodge: Dodged            |    79 |    84 ||   163

Vault maps used:
D:1:      minmay_arrival_pointy
D:2:      kennysheep_nub, serial_park_tiny_pond
D:3:      kennysheep_slugbush, lemuel_round_altar, grunt_temple_overflow_open,
          ecumenical_altar_1, uniq_natasha, uniq_robin

Notes
Turn   | Place    | Note
--------------------------------------------------------------
     0 | D:1      | MistressOfTheDunes the Mummy Monk began the quest for the Orb.
     0 | D:1      | Reached XP level 1. HP: 18/18 MP: 1/1
   259 | D:1      | HP: 1/18 [giant newt (1)]
   577 | D:1      | Reached XP level 2. HP: 24/24 MP: 2/2
   926 | D:2      | Reached skill level 4 in Unarmed Combat
  1065 | D:2      | Reached XP level 3. HP: 15/29 MP: 3/3
  1581 | D:2      | HP: 2/29 [ooze (3)]
  1969 | D:2      | Reached XP level 4. HP: 21/35 MP: 4/4
  2611 | D:2      | Reached skill level 5 in Unarmed Combat
  3714 | D:3      | Found a shimmering altar of Xom.
  3714 | D:3      | Found a glowing golden altar of the Shining One.
  3744 | D:3      | Found an oddly glowing altar of Pakellas.
  3744 | D:3      | Found a blossoming altar of Fedhas.
  3748 | D:3      | Noticed TBriggs11TB's ghost (amateur GrEE)
  3754 | D:3      | Found a radiant altar of Vehumet.
  3756 | D:3      | Found an opulent altar of Gozag.
  3785 | D:2      | Reached XP level 5. HP: 27/41 MP: 5/5
  4000 | D:3      | Noticed Natasha
  4016 | D:3      | Killed Natasha
  4016 | D:3      | Reached skill level 3 in Dodging
  4442 | D:2      | HP: 3/41 [adder (5)]
  4445 | D:2      | Slain by an adder

Vanquished Creatures
  Natasha (D:3)
  3 gnolls
  6 adders (D:2)
  2 oozes
  2 worms (D:2)
  5 dart slugs
  A giant gecko (D:2)
  3 orcs
  3 giant cockroaches
  4 goblins
  2 hobgoblins
  3 kobolds
  3 bats
  5 giant newts
  6 rats
49 creatures vanquished.
